 Dungeon Crawl Stone Soup version 0.30-a0-913-g9934a0ce24 (webtiles) character file.

Game seed: 2294116061868467712

296 cforsyth the Blocker (level 6, -2/56 HPs)
             Began as a Human Fighter on Mar 20, 2023.
             Was an Initiate of Okawaru.
             Killed by an exploding gnoll (25 damage)
             ... ignited by their inner flame
             ... on level 6 of the Dungeon.
             The game lasted 00:03:37 (2032 turns).

cforsyth the Blocker (Human Fighter)                Turns: 2032, Time: 00:03:37

Health: -2/56      AC: 10    Str: 18    XL:     6   Next: 61%
Magic:  0/6        EV:  9    Int:  8    God:    Okawaru [......]
Gold:   223        SH:  6    Dex: 13    Spells: 5/5 levels left

rFire   . . .      SeeInvis .    a - +0 flail
rCold   . . .      Faith    .    c - +0 buckler
rNeg    . . .      Spirit   +    b - +0 scale mail
rPois   .          Reflect  .    n - +1 helmet
rElec   .          Rampage  .    (no cloak)
rCorr   .                        (no gloves)
Will    .....                    (no boots) Stlth
                                 i - amulet of guardian spirit
HPRegen 0.29/turn                (no ring)
MPRegen 0.10/turn                (no ring)

@: mighty, silenced, flying
A: no striking features
a: Renounce Religion


You were on level 6 of the Dungeon.
You worshipped Okawaru.
Okawaru was noncommittal.
You visited 2 branches of the dungeon, and saw 5 of its levels.

You collected 223 gold pieces.

Inventory:

Hand Weapons
 a - a +0 flail (weapon)
Armour
 b - a +0 scale mail (worn)
 c - a +0 buckler (worn)
 n - a +1 helmet (worn)
Jewellery
 i - an amulet of guardian spirit (around neck)
 r - an amulet of faith
Scrolls
 e - a scroll of noise
 f - 7 scrolls of identify {unknown}
 h - a scroll of enchant armour
 o - a scroll of fear {unknown}
 p - a scroll of vulnerability {unknown}
 q - a scroll of fog
Potions
 d - a potion of might
 g - a potion of curing


   Skills:
 + Level 8.2 Fighting
 + Level 7.8 Maces & Flails
 + Level 8.2 Armour
 + Level 8.2 Shields


You had 5 spell levels left.
You didn't know any spells.
Your spell library contained the following spells:

 Spells                   Type           Power      Damage    Failure   Level
 Magic Dart               Conj           0%         1d3       82%         1
 Mephitic Cloud           Conj/Pois/Air  0%         N/A       99%         3
 Call Imp                 Summ           Unusable   N/A       N/A         2

Dungeon Overview and Level Annotations

Branches:
Dungeon (6/15)             Temple (1/1) D:6

Altars:
Ashenzari
Dithmenos
Okawaru
The Shining One


Message History

The gnoll closely misses you.
The gnoll hits you but does no damage. x2
The gnoll hits you from afar with a +0 halberd.
The gnoll attacks as you move away! The gnoll hits you with a +0 whip.
The gnoll attacks as you move away! The gnoll misses you.
The gnoll attacks as you move away! The gnoll barely misses you.
As you read the scroll labelled UCWOSIOHURR, it crumbles to dust.
The scroll dissolves into smoke.
It was a scroll of fog.
You block the gnoll's attack. The gnoll barely misses you.
As you read the scroll labelled WAEWAIPLOLI, it crumbles to dust.
It is a scroll of enchant armour.
Your +0 helmet glows green for a moment.
The gnoll hits you but does no damage.
The gnoll hits you from afar with a +0 halberd!
As you read the scroll labelled JIZUOL NOCYHOCU, it crumbles to dust.
You hear a loud clanging noise!
It was a scroll of noise.
You hear a shout! x4; You hear an angry hiss.
You hear a shout! x4
You hear an angry growl.
You hear a howl!
You hear a shout!
The gnoll hits you with a +0 whip.
The gnoll hits you from afar with a +0 halberd!
As you read the scroll labelled GUOGRO ENIZEAZ, it crumbles to dust.
The creatures around you are filled with an inner flame!
It was a scroll of immolation.
You block the gnoll's attack.
The gnoll hits you from afar with a +0 halberd.
As you read the scroll labelled UQURON QADIGAS, it crumbles to dust.
A profound silence engulfs you.
It was a scroll of silence.
The gnoll hits you with a +0 whip.
The gnoll hits you from afar with a +0 halberd.
Magic scrolls do not work when you're silenced!
It was a potion of flight.
You feel very buoyant.
You fly up into the air.
The gnoll closely misses you. x2
You feel very mighty all of a sudden. The gnoll hits you with a +0 whip.
You block the gnoll's attack.
You thump the gnoll! Okawaru accepts your kill.
The gnoll explodes!
The fiery explosion engulfs you!!
You die...

......##.
#.......#
#.......#
#.......#
#.g.....# #.# ....
#########§#.....
#..§§.##gg......#
##...§§@§g........
#....§§###.###.##.
#....### ### #
#....# ##.###
##...#
####....####
###............
#.........##.#.


You could see a gnoll sergeant and 2 gnolls.

Vanquished Creatures
  4 gnolls
  2 adders
  A shadow imp (D:6)
  An orc (D:3)
  3 ball pythons
  4 bats
  3 endoplasms
  2 giant cockroaches
  3 goblins (D:1)
  5 hobgoblins
  6 kobolds
  4 quokkas
  5 frilled lizards
  7 rats
50 creatures vanquished.

Vanquished Creatures (others)
  6 plants (D:3)
6 creatures vanquished.

Grand Total: 56 creatures vanquished

Notes
Turn   | Place    | Note
-------+----------+-------------------------------------------
     0 | D:1      | cforsyth the Human Fighter began the quest for the Orb.
     0 | D:1      | Reached XP level 1. HP: 18/18 MP: 1/1
   213 | D:1      | Reached XP level 2. HP: 21/24 MP: 2/2
   641 | D:1      | Reached XP level 3. HP: 22/29 MP: 1/3
  1423 | D:3      | Reached XP level 4. HP: 32/35 MP: 4/4
  1452 | D:3      | Reached XP level 5. HP: 4/47 MP: 1/5
  1454 | D:3      | Reached XP level 6. HP: 12/56 MP: 1/6
  1881 | D:3      | You fall into a shaft and drop 3 floors!
  1895 | D:6      | Found a staircase to the Ecumenical Temple.
  1904 | Temple   | Entered the Ecumenical Temple
  1951 | Temple   | Became a worshipper of Warmaster Okawaru
  2032 | D:6      | Killed by an exploding gnoll... ignited by their inner
                  | flame

Illustrated notes

Levels and vault maps discovered:
D:1:      amcnicky_arrival_feature_with_door, layout_basic, st_stairs_4,
          minmay_distorted
D:2:      layout_basic, hangedman_decor_riveting
D:3:      layout_rooms, serial_bayou, serial_bayou_lagoon_b,
          serial_bayou_lagoon_a, serial_bayou_shore_b, serial_bayou_crossing,
          dreamdust_mushroom_princess
D:6:      layout_cave_pools, lemuel_temple_firewalk_b,
          ebering_ghost_rock_garden, minmay_puff, uniq_duvessa
Temple:   dpeg_chambers_temple

Skill      XL: |  1  2  3  4  5 |
---------------+----------------+-----
Fighting       | 6 8 |  8.2
Maces & Flails | 6 7 |  7.8
Armour         | 6 8 |  8.2
Shields        | 6 8 |  8.2

Action                     |  1- 3 |  4- 6 || total
---------------------------+-------+-------++-------
  Melee: Flail             |   115 |    39 ||   154
    Use: Potion            |       |     7 ||     7
         Scroll            |       |     5 ||     5
 Armour: Scale mail        |    74 |    20 ||    94
  Dodge: Dodged            |    66 |    23 ||    89
  Block: Buckler           |    35 |    18 ||    53

Table legend: (Time is in decaauts)
 A = Elapsed time spent in this place.
 B = Non-inter-level travel time spent in this place.
 C = Inter-level travel time spent in this place.
 D = Time resting spent in this place.
 E = Time spent auto-exploring this place.
 F = Levels seen in this place.
 G = Mean time per level.
                   A        B        C        D        E       F      G
               +--------+--------+--------+--------+--------+-----+--------+
         Total |   2094 |   2030 |     64 |      0 |   1596 |   5 |  418.8 |
       Dungeon |   2033 |   1982 |     51 |      0 |   1564 |   4 |  508.2 |
        Temple |     60 |     47 |     13 |      0 |     32 |   1 |   60.0 |
               +--------+--------+--------+--------+--------+-----+--------+

Top non-repeatable levels by time:
     D:1: 757 daAuts
     D:2: 596 daAuts
     D:3: 589 daAuts
     D:6: 90 daAuts
  Temple: 60 daAuts
